 Dungeon Crawl Stone Soup version 0.29.0-11-gd7f09526c8 (webtiles) character file.

Game seed: 11668518131382054089

506 Acheron the Chopper (level 6, -1/43 (47) HPs)
             Began as a Vampire Fighter on Sept 3, 2022.
             Was an Initiate of Nemelex Xobeh.
             Slain by an orc priest
             ... wielding a +0 morningstar
              (9 damage)
             ... on level 4 of the Dungeon.
             The game lasted 00:09:46 (1840 turns).

Acheron the Chopper (Vampire Fighter)               Turns: 1840, Time: 00:09:49

HP:   -1/43 (47)    AC:  9    Str: 15    XL:     6   Next: 97%
MP:   6/6           EV:  9    Int: 10    God:    Nemelex Xobeh [......]
Gold: 112           SH:  5    Dex: 16    Spells: 5/5 levels left

rFire   . . .      SeeInvis +   a - +0 war axe
rCold   . . .      Faith    .   c - +0 buckler
rNeg    . . .      Spirit   .   b - +0 scale mail
rPois   .          Reflect  .   p - +0 helmet
rElec   .          Harm     .   (no cloak)
rCorr   .          Rampage  .   (no gloves)
Will    .....                   m - +0 pair of boots
Stlth   +.........              (no amulet)
HPRegen 0.34/turn               (no ring)
MPRegen 0.10/turn               (no ring)

@: mighty, healing quickly, drained
A: alive, fangs 3, see invisible, vampiric 2
a: Exsanguinate, Renounce Religion, Draw Escape, Draw Destruction, Draw
Summoning


You were on level 4 of the Dungeon.
You worshipped Nemelex Xobeh.
Nemelex Xobeh was noncommittal.
You visited 1 branch of the dungeon, and saw 4 of its levels.

You collected 112 gold pieces.

Inventory:

Hand Weapons
 a - a +0 war axe (weapon)
 f - a +1 short sword of speed
Missiles
 h - 2 javelins
 n - 5 poisoned darts (quivered)
 r - 2 boomerangs of dispersal
Armour
 b - a +0 scale mail (worn)
 c - a +0 buckler (worn)
 m - a +0 pair of boots (worn)
 p - a +0 helmet (worn)
Magical Staves
 q - a staff of conjuration
Wands
 k - a wand of quicksilver (7)
 o - a wand of paralysis (4)
Scrolls
 j - a scroll of poison {unknown}
 l - 2 scrolls of identify
 s - a scroll of noise {unknown}
Potions
 e - a potion of heal wounds
 g - 3 potions of curing
 i - a potion of flight


   Skills:
 * Level 3.4 Fighting
 * Level 4.3 Axes
 * Level 1.2 Throwing
 * Level 3.1 Armour
 * Level 2.1 Dodging
 * Level 3.0 Stealth
 * Level 3.3 Shields
 * Level 1.5 Evocations


You had 5 spell levels left.
You didn't know any spells.
Your spell library was empty.

Dungeon Overview and Level Annotations

Branches:
Dungeon (4/15)             Temple (0/1) D:4

Altars:
Hepliaklqana
Nemelex Xobeh
Okawaru
Qazlal
Ru
Trog
Wu Jian

Shops:
D:3 [

Annotations:
D:1 exclusion: downstairs
D:2 Sigmund


Innate Abilities, Weirdness & Mutations

Your natural rate of healing is accelerated.
You have razor-sharp teeth.
You have supernaturally acute eyesight. (SInv)
You are afflicted with vampirism and can become a bat while bloodless.


Message History

The black bear closely misses you. The black bear claws you.
You slice the black bear!! You bite the black bear.
You kill the black bear!
Your Dodging skill increases to level 2!
Your Stealth skill increases to level 3!
You closely miss the orc priest.
The orc priest hits you but does no damage.
You completely miss the orc priest.
The orc priest hits you with a +0 morningstar!
You barely miss the orc priest. The orc priest completely misses you.
You slash the orc!
You kill the orc!
You barely miss the orc. The orc barely misses you.
You barely miss the orc. The orc closely misses you.
The orc hits you but does no damage.
You feel drained.
You closely miss the orc. The orc hits you but does no damage.
You feel drained.
You hit the orc. Your bite misses the orc.
The orc is almost dead.
The orc hits you with a +0 falchion of draining.
You feel drained.
You slash the orc!
You kill the orc!
The orc priest hits you with a +0 morningstar!
* * * LOW HITPOINT WARNING * * *
You barely miss the orc priest.
The orc priest miscasts a cantrip.
You hit the orc priest.
The orc priest is moderately wounded.
The orc priest hits you but does no damage.
You barely miss the orc priest.
The orc priest is moderately wounded.
The orc priest barely misses you.
You barely miss the orc priest. You bite the orc priest!
The orc priest is severely wounded.
The orc priest hits you with a +0 morningstar.
* * * LOW HITPOINT WARNING * * *
The orc priest hits you with a +0 morningstar!
You die...
Your body disappears without a glow.

### #.# ..# #.#
# #.# # #. #@#
#### ..
..#.####o##.....
...
.....o....(.# .#
#.#
#...o##.##.....
#.#####
..##....# ....
#.##..
###..##.....
.#.##.#
#.........
.#.##.##
##.######.
.......# #.#


You could see an orc priest.

Vanquished Creatures
  Grinder (D:3)
  A black bear (D:4)
  A scorpion (D:4)
  Terence (D:3)
  2 orc wizards (D:3)
  Robin (D:2)
  2 adders (D:4)
  9 orcs
  2 bats (D:1)
  3 endoplasms
  7 hobgoblins
  4 jackals (D:3)
  6 kobolds
  2 ball pythons (D:1)
  12 goblins
  3 rats (D:3)
57 creatures vanquished.

Notes
Turn   | Place    | Note
-------+----------+-------------------------------------------
     0 | D:1      | Acheron the Vampire Fighter began the quest for the Orb.
     0 | D:1      | Reached XP level 1. HP: 17/17 MP: 1/1
   743 | D:2      | Noticed Sigmund
   800 | D:2      | Reached XP level 2. HP: 23/23 MP: 2/2
   863 | D:2      | Noticed Robin
   887 | D:2      | Killed Robin
   888 | D:2      | Reached skill level 2 in Axes
   888 | D:2      | Reached skill level 1 in Stealth
   888 | D:2      | Gained mutation: You are afflicted with vampirism and can
                  | become a bat while bloodless. [Vampire growth]
   888 | D:2      | Reached XP level 3. HP: 6/28 MP: 3/3
  1002 | D:2      | Noticed Terence
  1012 | D:3      | Killed Terence
  1022 | D:4      | Noticed a scorpion
  1090 | D:3      | Noticed Grinder
  1104 | D:3      | Paralysed by Grinder for 5 turns
  1115 | D:3      | Paralysed by Grinder for 2 turns
  1118 | D:3      | Killed Grinder
  1119 | D:3      | Reached skill level 3 in Axes
  1119 | D:3      | Reached skill level 1 in Dodging
  1119 | D:3      | Reached skill level 1 in Evocations
  1119 | D:3      | Reached XP level 4. HP: 19/35 MP: 4/4
  1119 | D:3      | Reached XP level 5. HP: 23/41 MP: 5/5
  1338 | D:3      | Reached XP level 6. HP: 36/47 MP: 6/6
  1345 | D:3      | Reached skill level 1 in Throwing
  1500 | D:3      | Found Iddarrio's Armour Shop.
  1593 | D:3      | Found a sparkling altar of Nemelex Xobeh.
  1598 | D:3      | Found an iron altar of Okawaru.
  1599 | D:3      | Found a sacrificial altar of Ru.
  1600 | D:3      | Found a hazy altar of Hepliaklqana.
  1601 | D:3      | Found a bloodstained altar of Trog.
  1601 | D:3      | Found an ornate altar of the Wu Jian Council.
  1604 | D:3      | Found a stormy altar of Qazlal.
  1630 | D:3      | Became a worshipper of Nemelex Xobeh the Trickster
  1736 | D:4      | Reached skill level 4 in Axes
  1764 | D:4      | Found a staircase to the Ecumenical Temple.
  1840 | D:4      | Slain by an orc priest

Illustrated notes

Levels and vault maps discovered:
D:1:      amcnicky_arrival_gap_in_the_tavern_cellar, layout_loops_cross,
          dreamdust_princess_bridge
D:2:      layout_basic, basic_altar, basic_ecumenical_altar, uniq_terence,
          uniq_robin, uniq_sigmund
D:3:      layout_rooms, nicolae_overflow_hallway_of_the_gods, serial_shops,
          shop, uniq_grinder
D:4:      layout_rooms, minmay_temple_entry_mist, minmay_misc_feat_diagonals

Skill      XL: |  1  2  3  4  5  6 |
---------------+-------------------+-----
Axes           | 2 3 4 |  4.3
Stealth        | 1 2 3 |  3.0
Fighting       | 3 |  3.4
Shields        | 3 |  3.3
Armour         | 3 |  3.1
Dodging        | 1 2 |  2.1
Evocations     | 1 |  1.5
Throwing       | 1 |  1.2

Action                   |  1- 3 |  4- 6 || total
-------------------------+-------+-------++-------
Melee: War axe           |    66 |    83 ||   149
       Bite              |     2 |     9 ||    11
Throw: Javelin           |     2 |       ||     2
       Dart              |       |     2 ||     2
Evoke: Wand              |     1 |       ||     1
  Use: Potion            |     1 |     1 ||     2
       Scroll            |       |     7 ||     7
Armor: Scale mail        |    52 |    44 ||    96
Dodge: Dodged            |    32 |    45 ||    77
Block: Buckler           |    33 |    20 ||    53
